AoeStats
← jhowsakazaki

Arabia

509968212Analyzed
1v1 RM · 5d ago on Sep 28, 2026· 34m 56s· 2 players
Game mode
Random Map
Map size
Tiny (2 player)
Population
200
Speed
Normal
Resources
Standard
Victory
Conquest
Starting age
Dark Age
Ending age
Imperial Age
RankedLock teamsTeams togetherTeam positionsShared explorationLock speedFull tech treeHidden civsTurbo modeCheats
Victory
Defeat
🇧🇷 Japanese · Brazil
1036
+17
🇺🇸 Saxons · United States
1062
-17
jhowsakazaki
8:10 Loom
8:14 Loom
10:52 Feudal Age
11:45 Double-Bit Axe
13:22 Fletching
15:37 Padded Archer Armor
19:39 Wheelbarrow
23:31 Castle Age
22:12 Scale Mail Armor
22:23 Forging
22:38 Horse Collar
22:51 Gold Mining
28:20 Iron Casting
28:00 Chain Mail Armor
32:49 Arson
CouchCommander
9:37 Feudal Age
9:07 Loom
10:34 Horse Collar
10:41 Double-Bit Axe
19:45 Castle Age
18:56 Padded Archer Armor
19:44 Fletching
20:09 Elite Skirmisher
21:57 Bodkin Arrow
22:50 Leather Archer Armor
25:42 Wheelbarrow
32:01 Imperial Age
30:13 Town Watch
31:23 Crossbowman
32:23 Gold Mining
Connection lost

Rejoining the realm…

Still unreachable

The connection could not be restored.

Session expired

The server has moved on; the page needs a fresh start.